Map: Prion Terraces

Players

Chris (MCanning) - Winner!

  • Race: Protoss Protoss
  • League: Grandmaster

Pure

  • Race: Protoss Protoss
  • League: Grandmaster

VOD

https://www.youtube.com/watch?v=GzvyFA25ljA

Description

Time

  • Played on: Nov. 22, 2015, 12:22 a.m.
  • Length: 10:38
Show
View Real Time Build Order
Export as new Build Order

Chris Protoss - Winner!

Build Orders: 1 Gate Expand 

Get SALT Encoding   

  12  0:01  Probe (Chrono Boost)  
  13  0:12  Probe (Chrono Boost)  
  14  0:19  Pylon  
  14  0:22  Probe (Chrono Boost)  
  15  0:38  Probe (Chrono Boost)  
  15  0:39  Gateway  
  16  0:48  Probe (Chrono Boost)  
  17  0:52  Assimilator  
  17  0:59  Probe (Chrono Boost)  
  18  1:09  Probe (Chrono Boost)  
  19  1:20  Nexus  
  19  1:24  Probe (Chrono Boost)  
  20  1:35  Probe (Chrono Boost)  
  20  1:37  Cybernetics Core  
  21  1:46  Gateway  
  21  1:49  Probe (Chrono Boost)  
  22  1:55  Assimilator  
  22  2:04  Pylon  
  22  2:05  Probe (Chrono Boost)  
  23  2:22  Mothership Core (Chrono Boost), Adept  
  27  2:33  Probe (Chrono Boost)  
  27  2:34  Warp Gate  
  28  2:39  Adept  
  28  2:41  Probe (Chrono Boost)  
  28  2:43  Probe (Chrono Boost)  
  33  2:51  Probe (Chrono Boost)  
  33  2:53  Pylon  
  33  2:54  Probe (Chrono Boost)  
  34  3:02  Probe (Chrono Boost)  
  34  3:04  Probe (Chrono Boost)  
  36  3:12  Probe (Chrono Boost)  
  37  3:15  Probe (Chrono Boost)  
  38  3:20  Twilight Council  
  38  3:23  Probe (Chrono Boost)  
  38  3:26  Probe (Chrono Boost)  
  40  3:29  Sentry  
  40  3:32  Pylon  
  40  3:33  Probe (Chrono Boost)  
  43  3:36  Probe (Chrono Boost)  
  42  3:44  Probe (Chrono Boost)  
  42  3:47  Probe (Chrono Boost)  
  44  3:48  Gateway  
  44  3:52  Pylon  
  44  3:54  Probe (Chrono Boost)  
  45  3:56  Robotics Facility  
  45  3:57  Probe (Chrono Boost)  
  46  4:04  Pylon  
  46  4:05  Probe (Chrono Boost)  
  46  4:07  Probe (Chrono Boost), Blink (Chrono Boost)  
  48  4:15  Probe  
  48  4:16  Probe  
  48  4:26  Assimilator  
  48  4:27  Probe  
  48  4:30  Assimilator  
  49  4:31  Gateway  
  49  4:34  Pylon  
  49  4:35  Probe  
  50  4:40  Probe  
  50  4:41  Pylon  
  50  4:42  Stalker x2  
  55  4:46  Stalker  
  55  4:47  Probe  
  55  4:51  Observer (Chrono Boost)  
  59  5:01  Forge  
  59  5:02  Gateway  
  59  5:05  Probe  
  60  5:07  Pylon  
  60  5:18  Probe  
  61  5:21  Nexus  
  61  5:22  Observer (Chrono Boost)  
  61  5:23  Pylon  
  62  5:34  Protoss Ground Weapons Level 1 (Chrono Boost)  
  62  5:36  Photon Cannon  
  62  5:38  Photon Cannon  
  62  5:43  Robotics Bay  
  62  5:49  Probe  
  63  5:51  Stalker x2  
  63  5:55  Probe  
  68  6:00  Gateway  
  68  6:08  Stalker x3  
  68  6:11  Probe  
  75  6:18  Robotics Facility  
  75  6:28  Stalker x2  
  75  6:31  Probe  
  80  6:35  Probe  
  81  6:40  Disruptor (Chrono Boost)  
  81  6:41  Probe  
  81  6:43  Probe  
  86  6:47  Probe  
  86  6:48  Stalker  
  86  6:49  Stalker x2  
  93  6:54  Photon Cannon  
  93  6:55  Probe x2  
  93  6:59  Probe  
  93  7:00  Pylon  
  96  7:05  Disruptor (Chrono Boost)  
  96  7:06  Probe, Protoss Ground Weapons Level 2 (Chrono Boost)  
  96  7:07  Probe  
  101  7:11  Probe  
  101  7:13  Assimilator  
  105  7:16  Disruptor (Chrono Boost), Assimilator  
  105  7:24  Zealot x2  
  105  7:28  Probe  
  110  7:32  Photon Cannon  
  110  7:35  Photon Cannon  
  110  7:40  Disruptor (Chrono Boost)  
  113  7:47  Gateway  
  113  7:48  Gateway  
  113  7:50  Disruptor (Chrono Boost), Photon Cannon  
  113  7:51  Gateway  
  116  7:53  Pylon  
  116  7:59  Stalker x2  
  120  8:08  Stalker x3  
  129  8:16  Disruptor (Chrono Boost)  
  129  8:26  Stalker x2  
  129  8:27  Stalker  
  133  8:32  Pylon  
  132  8:34  Pylon  
  132  8:36  Disruptor (Chrono Boost), Pylon  
  132  8:38  Adept  
  135  8:41  Nexus  
  135  8:49  Stalker x3  
  141  9:00  Pylon  
  141  9:02  Pylon  
  144  9:03  Probe  
  144  9:04  Disruptor (Chrono Boost)  
  144  9:07  Disruptor (Chrono Boost)  
  148  9:16  Probe x2  
  150  9:25  Photon Cannon  
  150  9:27  Photon Cannon  
  150  9:28  Pylon  
  150  9:29  Photon Cannon  
  150  9:32  Photon Cannon  
  150  9:36  Assimilator  
  150  9:40  Dark Shrine  
  150  9:42  Disruptor (Chrono Boost)  
  153  9:48  Probe  
  153  9:50  Probe  
  152  10:09  Probe  
  137  10:14  Probe  
  137  10:17  Probe  
  137  10:27  Stalker x2  
  137  10:28  Stalker x4  
Show
View Real Time Build Order
Export as new Build Order

Pure Protoss 

Build Orders: 1 Gate Expand, Oracle Opening 

Get SALT Encoding   

  12  0:01  Probe (Chrono Boost)  
  13  0:11  Probe (Chrono Boost)  
  14  0:18  Pylon  
  14  0:22  Probe (Chrono Boost)  
  15  0:36  Probe (Chrono Boost)  
  15  0:37  Gateway  
  16  0:44  Assimilator  
  16  0:46  Probe (Chrono Boost)  
  17  0:57  Probe (Chrono Boost)  
  18  1:08  Probe (Chrono Boost)  
  19  1:18  Probe (Chrono Boost)  
  20  1:24  Cybernetics Core  
  20  1:29  Probe (Chrono Boost)  
  21  1:40  Nexus  
  21  1:45  Probe (Chrono Boost)  
  22  1:50  Pylon  
  22  2:01  Assimilator  
  22  2:06  Probe (Chrono Boost)  
  23  2:08  Adept  
  23  2:09  Warp Gate  
  25  2:16  Probe (Chrono Boost)  
  26  2:27  Mothership Core (Chrono Boost)  
  28  2:37  Pylon  
  28  2:39  Stalker  
  30  2:45  Probe (Chrono Boost)  
  31  2:55  Probe (Chrono Boost)  
  33  2:58  Probe (Chrono Boost)  
  33  3:04  Stargate  
  33  3:05  Probe (Chrono Boost)  
  34  3:14  Probe (Chrono Boost)  
  34  3:15  Stalker  
  34  3:17  Probe (Chrono Boost)  
  36  3:25  Probe (Chrono Boost), Pylon  
  37  3:27  Probe (Chrono Boost)  
  38  3:40  Probe x2 (Chrono Boost)  
  40  3:49  Oracle  
  43  3:56  Probe x2 (Chrono Boost)  
  43  3:58  Assimilator  
  43  3:59  Assimilator  
  43  4:00  Pylon  
  45  4:03  Robotics Facility  
  45  4:14  Probe x2 (Chrono Boost)  
  47  4:26  Gateway  
  47  4:28  Probe x2 (Chrono Boost)  
  49  4:31  Gateway  
  49  4:38  Stalker, Probe (Chrono Boost)  
  51  4:39  Probe (Chrono Boost)  
  51  4:42  Pylon  
  53  4:49  Probe x2 (Chrono Boost)  
  53  4:51  Observer  
  56  4:57  Robotics Bay  
  56  5:02  Probe x2 (Chrono Boost)  
  56  5:04  Nexus  
  58  5:08  Pylon  
  58  5:12  Probe (Chrono Boost)  
  58  5:13  Probe (Chrono Boost)  
  60  5:20  Immortal (Chrono Boost)  
  64  5:23  Probe (Chrono Boost)  
  65  5:34  Probe x2 (Chrono Boost)  
  67  5:44  Probe (Chrono Boost)  
  67  5:45  Probe (Chrono Boost)  
  67  5:47  Stalker  
  67  5:48  Stalker x2  
  75  5:54  Probe  
  75  5:55  Oracle, Robotics Facility  
  75  5:56  Probe  
  80  6:02  Disruptor (Chrono Boost)  
  83  6:04  Probe  
  83  6:07  Pylon  
  85  6:11  Probe  
  85  6:19  Pylon  
  85  6:20  Stalker x2  
  85  6:22  Stalker  
  85  6:23  Pylon  
  91  6:30  Probe  
  91  6:31  Forge  
  92  6:35  Probe x2  
  92  6:37  Assimilator  
  94  6:42  Assimilator  
  94  6:43  Probe  
  94  6:44  Stalker x2  
  94  6:46  Disruptor (Chrono Boost)  
  102  6:53  Disruptor (Chrono Boost)  
  105  6:55  Protoss Ground Armor Level 1  
  105  6:58  Oracle  
  108  7:04  Stalker, Probe  
  108  7:05  Probe, Pylon  
  108  7:06  Pylon  
  112  7:08  Pylon  
  112  7:14  Stalker x2  
  116  7:25  Disruptor (Chrono Boost)  
  119  7:30  Stalker  
  119  7:34  Observer (Chrono Boost)  
  122  7:46  Gateway  
  122  7:48  Gateway  
  122  7:49  Gateway  
  122  7:50  Gateway x2, Probe x3  
  125  7:53  Gateway  
  125  8:03  Nexus  
  125  8:09  Disruptor x2 (Chrono Boost)  
  125  8:11  Adept x3  
  136  8:31  Twilight Council  
  136  8:35  Zealot x2  
  136  8:36  Zealot  
  142  8:49  Stalker  
  142  9:13  Stalker x3  
  148  9:18  Disruptor (Chrono Boost)  
  148  9:19  Probe x3  
  148  9:20  Stalker  
  148  9:22  Disruptor (Chrono Boost)  
  159  9:31  Pylon, Photon Cannon  
  159  9:33  Pylon, Photon Cannon  
  159  9:34  Photon Cannon  
  159  9:35  Pylon, Photon Cannon  
  159  9:38  Photon Cannon  
  159  9:39  Photon Cannon  
  159  9:40  Photon Cannon  
  156  9:53  Disruptor  
  156  9:58  Disruptor  
  156  9:59  Stalker x5  
  172  10:00  Stalker x4  
Tags
 
Add a new tag
Caveats
  • Supply blocks, unpowered buildings, or Contaminate may cause inaccurate times.
  • Supply counts are checked every 10 seconds.